 Dungeon Crawl Stone Soup version 0.21-a0-426-g98080a9 (webtiles) character file.

8115 Laiders the Basher (level 11, -9/99 HPs)
             Began as a Deep Dwarf Fighter on Nov 7, 2017.
             Was a Believer of Makhleb.
             Mangled by an orc knight
             ... wielding a +3 great sword of holy wrath
              (20 damage)
             ... on level 8 of the Dungeon.
             The game lasted 00:27:29 (7653 turns).

Laiders the Basher (Deep Dwarf Fighter)             Turns: 7653, Time: 00:27:30

Health: -9/99      AC: 13    Str: 22    XL:     11   Next: 5%
Magic:  2/2        EV:  9    Int: 10    God:    Makhleb [**....]
Gold:   349        SH: 12    Dex: 17    Spells: 10/10 levels left

rFire    . . .     SeeInvis .   E - -3 flail (curse)
rCold    . . .     Gourm    .   c - +0 shield
rNeg     + . .     Faith    .   F - +0 plate armour
rPois    .         Spirit   .   (no helmet)
rElec    .         Reflect  +   h - +1 cloak
rCorr    .         Harm     .   (no gloves)
MR       ++...                  (no boots)
Stlth    ..........             b - +2 amulet of reflection
HPRegen  0.00/turn              g - ring of positive energy
MPRegen  0.08/turn              s - ring of protection from magic

@: agile, non-regenerating
A: damage resistance, heal wounds, sense surroundings 2, no regeneration
a: Heal Wounds, Minor Destruction, Renounce Religion


You were on level 8 of the Dungeon.
You worshipped Makhleb.
Makhleb was pleased with you.
You were hungry.

You visited 2 branches of the dungeon, and saw 9 of its levels.
You also visited: Sewer.

You collected 349 gold pieces.

Inventory:

Hand Weapons
 m - a +4 whip of flaming
 E - a cursed -3 flail (weapon)
Armour
 c - a +0 shield (worn)
 h - a +1 cloak (worn)
 k - a +0 chain mail
 F - a +0 plate armour (worn)
Jewellery
 b - a +2 amulet of reflection (around neck)
 g - a ring of positive energy (left hand)
 s - a ring of protection from magic (right hand)
Wands
 e - a wand of iceblast (14/15)
 o - a wand of clouds (2/9)
 z - a wand of acid (8/15)
Scrolls
 a - 2 scrolls of recharging
 y - a scroll of fog
 A - 6 scrolls of teleportation
 C - 4 scrolls of identify
 D - a scroll of fear {unknown}
Potions
 d - a potion of magic {unknown}
 i - a potion of agility
 p - 2 potions of degeneration {unknown}
 q - a potion of berserk rage {unknown}
 r - 2 potions of haste
 t - 2 potions of brilliance
 u - 3 potions of heal wounds
 v - 2 potions of flight
 w - 3 potions of curing
 B - 2 potions of cancellation
Comestibles
 f - 7 bread rations
 j - 7 royal jellies
 n - 2 meat rations
 x - 6 fruits


   Skills:
 + Level 6.5 Fighting
 - Level 14.0 Maces & Flails
 - Level 3.2 Armour
 - Level 3.2 Shields
 + Level 8.4 Invocations


You had 10 spell levels left.
You didn't know any spells.

Dungeon Overview and Level Annotations

Branches:
Dungeon (8/15)             Temple (1/1) D:6            Lair (0/6) D:8

Altars:
Ashenzari
Cheibriados
Dithmenos
Elyvilon
Fedhas
Kikubaaqudgha
Makhleb
Okawaru
Qazlal
Ru
Sif Muna
Trog
Uskayaw
Vehumet
Wu Jian
Xom
Yredelemnul
Zin
The Shining One

Shops:
D:5 %


Innate Abilities, Weirdness & Mutations

You are resistant to damage.
You can heal yourself by infusing magical energy.
You passively map the area around you.
You do not regenerate.


Message History

The orc knight is heavily wounded.
The orc closely misses you.
You feel much better.
The orc knight hits you with a great sword of holy wrath!!
* * * LOW HITPOINT WARNING * * *
The orc completely misses you.
You feel much better. You block the orc knight's attack.
You block the orc's attack.
You hit the orc knight but do no damage.
The orc knight is heavily wounded.
The orc knight hits you with a great sword of holy wrath!!
* * * LOW HITPOINT WARNING * * *
You closely miss the orc knight.
The orc knight is heavily wounded.
The orc no longer looks unusually strong.
You block the orc's attack.
You completely miss the orc knight.
The orc knight is heavily wounded.
The orc knight hits you with a great sword of holy wrath!!
You die...

.(((.(([.)......................#
≈≈≈≈≈[.).≈≈≈≈≈≈≈≈≈≈≈≈≈≈≈≈≈≈≈...P#
≈≈≈≈≈....≈≈≈≈≈≈≈≈≈≈≈≈≈≈≈≈≈≈≈....#
≈≈≈≈≈....≈≈≈≈≈≈≈≈≈≈≈≈#####≈≈....#
.......(.............#.o.#≈≈....#
#####'''(#############...#≈≈....#
....#..)(#.......#,,,#'###≈≈....#
....#).(.#.......#,*,..#.≈≈≈....#
...)'))[.').))$o@#,,,*,#.≈≈≈....#
################o#****,#.≈≈≈....#
,,,,*,,,,#.....oo#,,,,,#.≈≈≈..P.#
,,,,,,≈≈,.......o#,,,,,#.≈≈≈....#
,,,,,,≈≈,........#++**,#.≈≈≈....#
,,,,*,,,,#........,,,*,#.≈≈≈....#
*****,,,,########.,,,#.#.≈≈≈....#
*,,,**,.,*,,,,+.,,,#'###≈≈....#
######################...#≈≈....#


You could see an orc knight and 4 orcs.

Vanquished Creatures
  A two-headed ogre (D:8)
  The ghost of Laiders the Basher, a novice DDFi (D:7)
  An orc knight (D:8)
  An orc sorcerer (D:8)
  Sigmund (D:4)
  A spriggan (D:7)
  4 yaks (D:7)
  Eustachio (D:4)
  14 wargs (D:8)
  6 orc warriors (D:8)
  3 porcupines (D:8)
  2 phantoms
  An ice beast (D:5)
  A black bear (D:6)
  2 sky beasts
  An ogre (D:8)
  3 centaurs
  A big kobold (Sewer)
  4 bullfrogs
  2 scorpions
  2 howler monkeys (D:8)
  3 crimson imps
  A bullfrog zombie (D:6)
  2 hounds
  A gnoll shaman (D:7)
  4 orc priests
  2 iguanas
  2 centaur skeletons
  Ijyb (D:5)
  Natasha (thrice) (D:2 D:4)
  8 orc wizards
  7 worker ants
  6 gnolls
  12 adders
  4 river rats
  A shadow imp (D:6)
  2 oozes
  3 adder skeletons (D:4)
  A dart slug (D:2)
  5 leopard geckos
  40 orcs
  4 giant cockroaches
  5 goblins
  5 hobgoblins
  17 jackals
  10 kobolds
  3 quokkas
  5 ball pythons
  13 bats
  7 frilled lizards
  A jackal zombie (D:7)
  A leopard gecko skeleton (D:4)
  17 rats
  A spectral orc (D:3)
  3 fungi (D:8)
  7 plants (D:8)
260 creatures vanquished.

Vanquished Creatures (others)
  An orc wizard (D:6)
  2 fungi (D:8)
  A plant (D:8)
4 creatures vanquished.

Grand Total: 264 creatures vanquished

Notes
Turn   | Place    | Note
-------+----------+-------------------------------------------
     0 | D:1      | Laiders the Deep Dwarf Fighter began the quest for the Orb.
     0 | D:1      | Reached XP level 1. HP: 20/20 MP: 1/1
   130 | D:1      | Reached XP level 2. HP: 25/27 MP: 2/2
   185 | D:1      | Reached skill level 3 in Maces & Flails
   879 | D:2      | Reached XP level 3. HP: 26/33 MP: 3/3
  1054 | D:2      | Reached skill level 4 in Maces & Flails
  1157 | D:2      | Reached XP level 4. HP: 28/40 MP: 4/4
  1214 | D:2      | Noticed Natasha
  1226 | D:2      | Killed Natasha
  1354 | D:2      | Reached skill level 5 in Maces & Flails
  1996 | D:3      | Found a glowing drain.
  2025 | D:3      | Reached XP level 5. HP: 26/46 MP: 5/5
  2093 | Sewer    | Entered a sewer
  2187 | Sewer    | Reached skill level 6 in Maces & Flails
  2223 | Sewer    | Found a white marble altar of Elyvilon.
  2412 | D:3      | Reached XP level 6. HP: 55/55 MP: 6/6
  2478 | D:3      | Found a shattered altar of Ashenzari.
  2550 | D:3      | Found a basalt altar of Yredelemnul.
  2675 | D:3      | Reached skill level 7 in Maces & Flails
  2839 | D:4      | Noticed Natasha
  2863 | D:4      | Killed Natasha
  2889 | D:4      | Noticed Eustachio
  2928 | D:4      | Killed Eustachio
  2928 | D:4      | Reached skill level 8 in Maces & Flails
  2928 | D:4      | Reached XP level 7. HP: 57/61 MP: 7/7
  2991 | D:4      | Found a glowing silver altar of Zin.
  3031 | D:4      | Noticed Natasha
  3039 | D:4      | Killed Natasha
  3094 | D:4      | Noticed Sigmund
  3102 | D:4      | Killed Sigmund
  3150 | D:4      | Reached skill level 9 in Maces & Flails
  3733 | D:5      | Entered Level 5 of the Dungeon
  3737 | D:5      | Reached XP level 8. HP: 48/68 MP: 8/8
  3772 | D:5      | Noticed Ijyb
  3796 | D:5      | Killed Ijyb
  3840 | D:5      | Found a stormy altar of Qazlal.
  3999 | D:5      | Reached skill level 10 in Maces & Flails
  4007 | D:5      | Found a snail-covered altar of Cheibriados.
  4107 | D:5      | Found Teacig's Food Emporium.
  4484 | D:6      | Found a blossoming altar of Fedhas.
  4548 | D:6      | Reached skill level 11 in Maces & Flails
  4639 | D:6      | Got an ichor-stained war axe
  4640 | D:6      | Identified the cursed +1 war axe of the Dwarven Hall {chaos, MR+ Str+2} (You found it on level 6 of the Dungeon)
  5016 | D:6      | Found a staircase to the Ecumenical Temple.
  5114 | Temple   | Entered the Ecumenical Temple
  5165 | Temple   | Became a worshipper of Makhleb the Destroyer
  5423 | D:7      | Gained mutation: You passively map the area around you. [Deep Dwarf growth]
  5423 | D:7      | Reached XP level 9. HP: 40/74 MP: 8/8
  5548 | D:7      | Noticed Laiders's ghost (novice DDFi)
  5563 | D:7      | Killed Laiders's ghost
  5563 | D:7      | Reached skill level 12 in Maces & Flails
  5612 | D:7      | Reached * piety under Makhleb
  5881 | D:7      | Reached skill level 13 in Maces & Flails
  6113 | D:8      | Reached XP level 10. HP: 30/81 MP: 8/8
  6130 | D:8      | Reached skill level 14 in Maces & Flails
  6226 | D:8      | Reached skill level 1 in Invocations
  6253 | D:8      | Noticed a two-headed ogre
  6271 | D:8      | Killed a two-headed ogre
  6457 | D:8      | Reached ** piety under Makhleb
  6464 | D:8      | Reached skill level 5 in Invocations
  6620 | D:8      | Found a staircase to the Lair.
  6724 | D:8      | Reached skill level 5 in Fighting
  6924 | D:8      | HP: 4/88 [warg (5)]
  7044 | D:8      | Noticed an orc knight
  7099 | D:8      | Killed an orc knight
  7131 | D:8      | Noticed an orc sorcerer
  7168 | D:8      | Killed an orc sorcerer
  7194 | D:8      | Reached XP level 11. HP: 48/98 MP: 7/7
  7578 | D:8      | Noticed an orc knight
  7653 | D:8      | Mangled by an orc knight

Vault maps used:
D:1:      minmay_arrival_widening_spiral_wide
D:2:      first_bread, uniq_natasha
D:3:      yredelemnul_forgotten_temple_becter, cheibrodos_ashenzari_chains,
          portal_sewer_entry_a
D:4:      lemuel_doored_altar, wad_rectangle_vault, uniq_sigmund, uniq_eustachio
D:5:      nicolae_qazlal_eye_of_the_storm, lemuel_crystal_altar, serial_shops,
          shop_statue, hangedman_decor_opposing, uniq_ijyb
D:6:      temple_statues, basic_altar
D:7:      the_bakery, minmay_misc_feat_nine_boxes
D:8:      lemuel_castle_with_subvaults, grunt_lair_entry_orc_guard_hut,
          kennysheep_nub, lemuel_old_faithful
Temple:   zaba_magenta_temple
Sewer:    sewer_kobolds

Skill      XL: |  1  2  3  4  5  6  7  8  9 10 |
---------------+-------------------------------+-----
Maces & Flails | 3 4 5 6 8 9 11 13 14 | 14.0
Invocations    | 8 |  8.4
Fighting       | 6 |  6.5
Armour         | |  3.2
Shields        | |  3.2

Action                   |  1- 3 |  4- 6 |  7- 9 | 10-12 || total
-------------------------+-------+-------+-------+-------++-------
Melee: Flail             |   181 |   195 |       |    68 ||   444
       Whip              |       |   111 |   492 |   453 ||  1056
 Abil: Heal Wounds       |     1 |     3 |     6 |    41 ||    51
  Use: Scroll            |       |     3 |    12 |     3 ||    18
       Potion            |       |     2 |     2 |     1 ||     5
  Eat: Chunk             |     1 |     7 |    10 |     5 ||    23
Armor: Scale mail        |    45 |       |       |       ||    45
       Chain mail        |    95 |   382 |   163 |    83 ||   723
       Plate armour      |       |       |       |    18 ||    18
Dodge: Dodged            |    67 |   160 |    70 |    64 ||   361
Block: Shield            |   127 |   306 |   205 |   176 ||   814
       Reflection        |       |       |     5 |     6 ||    11

Table legend:
 A = Spawn XP
 B = Non-spawn XP
 C = Spawn XP percentage of total XP
 D = Spawn monster count
 E = Non-spawn monster count
 F = Spawn count percentage of total count
 G = Total turns spent on level
                    A         B        C        D         E        F      G
               +---------+---------+-------+---------+---------+-------+---------
         Total |       0 |   11594 |   0.0 |       0 |     251 |   0.0 |  7653
               +---------+---------+-------+---------+---------+-------+---------
           D:1 |       0 |      34 |   0.0 |       0 |      20 |   0.0 |   799
           D:2 |       0 |     142 |   0.0 |       0 |      35 |   0.0 |  1156
           D:3 |       0 |     252 |   0.0 |       0 |      29 |   0.0 |   610
           D:4 |       0 |     804 |   0.0 |       0 |      24 |   0.0 |   928
           D:5 |       0 |     383 |   0.0 |       0 |      15 |   0.0 |   544
           D:6 |       0 |     896 |   0.0 |       0 |      23 |   0.0 |   970
           D:7 |       0 |    2463 |   0.0 |       0 |      31 |   0.0 |   692
           D:8 |       0 |    6485 |   0.0 |       0 |      63 |   0.0 |  1599
         Sewer |       0 |     135 |   0.0 |       0 |      11 |   0.0 |   240
               +---------+---------+-------+---------+---------+-------+---------
